 Dungeon Crawl Stone Soup version 0.28-a0-1184-g53156a8862 (webtiles) character file.

Game seed: 8208315375158068769

1884 septik the Severer (level 8, -10/64 HPs)
             Began as a Minotaur Berserker on Dec 17, 2021.
             Was a Priest of Trog.
             Mangled by a mummy (12 damage)
             ... in an ossuary.
             The game lasted 00:08:12 (6377 turns).

septik the Severer (Minotaur Berserker)             Turns: 6377, Time: 00:08:13

Health: -10/64     AC:  9    Str: 24    XL:     8   Next: 92%
Magic:  7/7        EV:  8    Int:  4    God:    Trog [***...]
Gold:   264        SH:  4    Dex: 10    Spells: 7/7 levels left

rFire   . . .      SeeInvis .   x - +1 flail (venom)
rCold   . . .      Faith    .   o - +0 buckler
rNeg    . . .      Spirit   .   d - +0 chain mail
rPois   .          Reflect  .   (helmet restricted)
rElec   .          Harm     .   (no cloak)
rCorr   .          Rampage  .   r - +0 pair of gloves
Will    .....                   (no boots)
Stlth   ..........              (no amulet)
HPRegen 0.20/turn               (no ring)
MPRegen 0.10/turn               (no ring)

@: on berserk cooldown, slowed, studying Axes, very slow
A: horns 2, retaliatory headbutt
a: Renounce Religion, Berserk, Trog's Hand


You were in an ossuary.
You worshipped Trog.
Trog was most pleased with you.
You visited 1 branch of the dungeon, and saw 8 of its levels.
You also visited: Ossuary.

You collected 264 gold pieces.

Inventory:

Hand Weapons
 a - a +0 hand axe
 u - a +1 mace of protection
 x - a +1 flail of venom (weapon)
Missiles
 e - 13 poisoned darts (quivered)
 t - 73 stones
 y - a curare-tipped dart
Armour
 d - a +0 chain mail (worn)
 o - a +0 buckler (worn)
 r - a +0 pair of gloves (worn)
Jewellery
 i - a ring of protection from fire
Wands
 s - a wand of paralysis (8)
 v - a wand of iceblast (9)
Scrolls
 b - 2 scrolls of vulnerability {unknown}
 g - a scroll of fog {unknown}
 h - a scroll of amnesia {unknown}
 k - a scroll of blinking {unknown}
 l - 9 scrolls of identify {unknown}
 n - a scroll of teleportation {unknown}
 q - a scroll of enchant weapon {unknown}
Potions
 f - 3 potions of curing
 j - a potion of might {unknown}
 m - a potion of degeneration {unknown}
 p - 2 potions of ambrosia {unknown}
 w - a potion of flight {unknown}


   Skills:
 - Level 3.6 Fighting
 + Level 16.8 Axes
 - Level 2.4 Armour
 - Level 2.1 Dodging
 - Level 4.0 Shields


You had 7 spell levels left.
You didn't know any spells.
Your spell library was empty.

Dungeon Overview and Level Annotations

Branches:
Dungeon (8/15)             Temple (0/1) D:4         Ossuary (1/1)
   Lair: D:8-11

Altars:
Elyvilon

Shops:
D:4 =


Innate Abilities, Weirdness & Mutations

You have a pair of horns on your head.
You reflexively headbutt those who attack you in melee.


Message History

The mummy is almost destroyed.
The mummy barely misses you. You furiously retaliate!
You headbutt the mummy!
You destroy the mummy!
Trog accepts your kill.
The mummy hits you but does no damage. 2 mummies come into view.
You barely miss the mummy.
The mummy is almost destroyed.
The mummy hits you but does no damage.
You sock the mummy!
You destroy the mummy!
Trog accepts your kill.
You feel a strong urge to attack something.
You are no longer berserk.
You are exhausted.
You feel yourself slow down.
There is an empty arch of ancient stone here.
You hit the mummy. You headbutt the mummy.
The mummy is moderately damaged.
The mummy closely misses you. You block the mummy's attack.
You sock the mummy!
The mummy is heavily damaged.
You sock the mummy!
The mummy is severely damaged.
The mummy hits you!
* * * LOW HITPOINT WARNING * * *
You block the mummy's attack.
You sock the mummy!
You destroy the mummy!
Trog accepts your kill. The mummy hits you!
* * * LOW HITPOINT WARNING * * *
You barely miss the mummy. You headbutt the mummy!
The mummy is almost destroyed.
The mummy hits you!
* * * LOW HITPOINT WARNING * * *
You closely miss the mummy. Your headbutt misses the mummy.
The mummy is almost destroyed.
The mummy hits you!
You die...

##....##
#....#
#....#
#....#
#....#
#....#
#....#
#...M#
#.∩@.#
######


You could see a mummy.

Vanquished Creatures
  Sigmund (D:6)
  A steam dragon (D:5)
  A water moccasin (D:7)
  An orc warrior (D:7)
  A necrophage (D:4)
  2 ogres
  A kobold brigand (D:7)
  A gnoll sergeant (D:7)
  2 scorpions (D:5)
  A water moccasin skeleton (D:5)
  A centaur zombie (D:7)
  3 hounds
  2 orc priests
  2 gnoll shamans
  7 orc wizards
  5 mummies (Ossuary)
  16 gnolls
  5 adders
  2 shadow imps
  A white imp (D:5)
  An ufetubus (D:4)
  An adder skeleton (D:4)
  5 worms
  2 dart slugs
  16 orcs
  4 bats
  8 endoplasms
  5 giant cockroaches
  4 goblins
  4 hobgoblins
  4 jackals
  A quokka (D:4)
  5 ball pythons
  2 frilled lizards
  A hobgoblin zombie (Ossuary)
  7 kobolds
  3 kobold zombies (Ossuary)
  4 orc zombies (Ossuary)
  5 rats
138 creatures vanquished.

Vanquished Creatures (others)
  An orc (D:7)
1 creature vanquished.

Grand Total: 139 creatures vanquished

Notes
Turn   | Place    | Note
-------+----------+-------------------------------------------
     0 | D:1      | septik the Minotaur Berserker began the quest for the Orb.
     0 | D:1      | Reached XP level 1. HP: 19/19 MP: 0/0
    94 | D:1      | Reached skill level 4 in Axes
   482 | D:1      | Reached XP level 2. HP: 22/26 MP: 1/1
  1190 | D:2      | Found a white marble altar of Elyvilon.
  1195 | D:2      | Reached skill level 5 in Axes
  1269 | D:2      | Reached XP level 3. HP: 27/31 MP: 2/2
  1867 | D:2      | Reached ** piety under Trog
  1966 | D:2      | Reached XP level 4. HP: 39/39 MP: 3/3
  2131 | D:3      | Reached skill level 6 in Axes
  2311 | D:3      | Found a faded altar of an unknown god.
  2902 | D:4      | Reached XP level 5. HP: 44/45 MP: 4/4
  2908 | D:4      | Reached skill level 7 in Axes
  2917 | D:4      | Reached skill level 1 in Shields
  3094 | D:4      | Reached XP level 6. HP: 21/51 MP: 5/5
  3418 | D:4      | Found Gerisin's Jewellery Shop.
  3431 | D:4      | Found a staircase to the Ecumenical Temple.
  3530 | D:4      | Reached skill level 8 in Axes
  4153 | D:5      | Entered Level 5 of the Dungeon
  4175 | D:5      | Reached skill level 9 in Axes
  4175 | D:5      | Reached XP level 7. HP: 57/57 MP: 6/6
  4283 | D:5      | Reached skill level 10 in Axes
  4581 | D:5      | Reached skill level 11 in Axes
  4802 | D:5      | Noticed a steam dragon
  4813 | D:5      | Killed a steam dragon
  4814 | D:5      | Reached skill level 12 in Axes
  5197 | D:5      | Reached XP level 8. HP: 53/64 MP: 7/7
  5447 | D:6      | Reached skill level 13 in Axes
  5498 | D:6      | Noticed Sigmund
  5931 | D:7      | Reached skill level 14 in Axes
  5987 | D:6      | Killed Sigmund
  5988 | D:6      | Reached skill level 15 in Axes
  6056 | D:7      | Reached skill level 16 in Axes
  6116 | D:7      | Found a sand-covered staircase.
  6144 | Ossuary  | Entered an ossuary
  6180 | Ossuary  | Reached *** piety under Trog
  6376 | Ossuary  | HP: 2/64 [mummy (7)]
  6377 | Ossuary  | Mangled by a mummy

Illustrated notes

Levels and vault maps discovered:
D:1:      dpeg_arrival_oval, layout_basic
D:2:      layout_basic, basic_altar
D:3:      layout_rooms, hellmonk_ecumenical_altar_arch_garden
D:4:      layout_rooms, minmay_temple_entry_statues_pillars, serial_shops,
          nicolae_shop_trees, minmay_misc_feat_nine_boxes, chequers_mini_garden,
          fountainhead, minmay_manual_moon
D:5:      layout_gridville, nicolae_concentric_dashed_squares_wild
D:6:      layout_basic, nicolae_fountain_basement, uniq_grinder, uniq_sigmund,
          uniq_pikel
D:7:      layout_loops_ring, general_overflow_altar,
          nicolae_ossuary_entry_false_entrances, gammafunk_ghost_gnarly_gnolls,
          serial_park_tiny_pond, st_stairs_8, uniq_crazy_yiuf_cottage
D:8:      layout_cave_pods, grunt_lair_entry_orc_guard_hut, kennysheep_donut,
          uniq_joseph, uniq_erica
Ossuary:  ossuary_tomb_3

Skill      XL: |  1  2  3  4  5  6  7  8 |
---------------+-------------------------+-----
Axes           | 4 5 6 7 9 12 16 | 16.8
Shields        | 2 4 |  4.0
Fighting       | |  3.6
Armour         | |  2.4
Dodging        | |  2.1

Action                   |  1- 3 |  4- 6 |  7- 9 || total
-------------------------+-------+-------+-------++-------
Melee: Hand axe          |    73 |   107 |       ||   180
       Headbutt          |    15 |    15 |    34 ||    64
       Mace              |       |     2 |    62 ||    64
       Flail             |       |       |   116 ||   116
Invok: Berserk           |     1 |     4 |     6 ||    11
       Trog's Hand       |       |       |     1 ||     1
  Use: Scroll            |       |     1 |     1 ||     2
Armor: Chain mail        |    32 |    48 |    76 ||   156
Dodge: Dodged            |    27 |    56 |    64 ||   147
Block: Buckler           |       |    12 |    36 ||    48

Table legend: (Time is in decaauts)
 A = Elapsed time spent in this place.
 B = Non-inter-level travel time spent in this place.
 C = Inter-level travel time spent in this place.
 D = Time resting spent in this place.
 E = Time spent auto-exploring this place.
 F = Levels seen in this place.
 G = Mean time per level.
                   A        B        C        D        E       F      G
               +--------+--------+--------+--------+--------+-----+--------+
         Total |   6463 |   6108 |    355 |    667 |   4404 |   9 |  718.1 |
       Dungeon |   6228 |   5873 |    355 |    591 |   4348 |   8 |  778.5 |
       Ossuary |    234 |    234 |      0 |     76 |     56 |   1 |  234.0 |
               +--------+--------+--------+--------+--------+-----+--------+

Top non-repeatable levels by time:
     D:4: 1354 daAuts
     D:1: 1182 daAuts
     D:5: 1062 daAuts
     D:2: 955 daAuts
     D:3: 695 daAuts
     D:8: 390 daAuts
     D:6: 331 daAuts
     D:7: 256 daAuts
 Ossuary: 234 daAuts
